 Dungeon Crawl Stone Soup version 0.32-a0-422-g28b100f618 (webtiles) character file.

Game seed: 9008687225812421442

470 pokeman the Magician (level 6, -1/34 HPs)
             Began as a Deep Elf Hedge Wizard on Feb 21, 2024.
             Slain by an ogre
             ... wielding a +0 giant spiked club
              (20 damage)
             ... on level 4 of the Dungeon.
             The game lasted 00:06:54 (3873 turns).

pokeman the Magician (Deep Elf Hedge Wizard)        Turns: 3873, Time: 00:06:54

Health: -1/34      AC:  7    Str:  7    XL:     6   Next: 82%
Magic:  8/18       EV: 12    Int: 21    God:
Gold:   172        SH:  0    Dex: 14    Spells: 6/19 levels left

rFire   . . .        b - +0 dagger (venom)
rCold   + . .        (no shield)
rNeg    . . .        q - +2 leather armour {rC+}
rPois   .            c - +0 hat
rElec   .            k - +1 cloak
rCorr   .            (no gloves)
SInv    .            (no boots)
Will    .....        (no amulet)
Stlth   ++           (no ring)
HPRegen 0.25/turn    (no ring)
MPRegen 0.16/turn

%: no passive effects
@: no status effects
A: no striking features
a: no special abilities


You were on level 4 of the Dungeon.
You visited 1 branch of the dungeon, and saw 4 of its levels.

You collected 172 gold pieces.

Inventory:

Hand Weapons
 b - a +0 dagger of venom (weapon)
Missiles
 h - a throwing net
Armour
 c - a +0 hat (worn)
 k - a +1 cloak (worn)
 q - a +2 leather armour of cold resistance (worn)
Jewellery
 j - a ring of fire
 r - an amulet of guardian spirit
Wands
 p - a wand of roots (4)
Scrolls
 a - a scroll of silence {unknown}
 g - 9 scrolls of identify {unknown}
 i - a scroll of teleportation {unknown}
 m - a scroll of revelation {unknown}
 n - a scroll of amnesia {unknown}
 t - a scroll of poison {unknown}
Potions
 d - 2 potions of magic
 e - a potion of ambrosia {unknown}
 f - 2 potions of resistance {unknown}
 l - a potion of heal wounds {unknown}
 o - a potion of berserk rage {unknown}
 s - a potion of brilliance {unknown}


   Skills:
 + Level 1.6 Fighting
 - Level 1.0 Armour
 - Level 3.0 Dodging
 - Level 3.0 Stealth
 * Level 7.3 Spellcasting
 + Level 3.4 Conjurations
 - Level 1.1 Summonings
 - Level 1.1 Translocations
 - Level 1.1 Air Magic
 + Level 2.1 Alchemy
 - Level 1.1 Evocations


You had 6 spell levels left.
You knew the following spells:

 Your Spells              Type           Power      Damage    Failure   Level
a - Magic Dart            Conj           88%        1d7       3%          1
b - Mephitic Cloud        Conj/Alch/Air  17%        N/A       14%         3
c - Call Imp              Summ           24%        N/A       12%         2
d - Blink                 Tloc           24%        N/A       12%         2
e - Irradiate             Conj/Alch      9%         3d14      73%         5

Your spell library contained the following spells:

 Spells                   Type           Power      Damage    Failure   Level
 Slow                     Hex            28%        N/A       12%         1
 Cigotuvi's Dreadful Rot  Necr/Alch/Air  24%        N/A       12%         2
 Sublimation of Blood     Necr           7%         N/A       19%         2
 Petrify                  Alch/Erth      12%        N/A       61%         4


Dungeon Overview and Level Annotations

Branches:
Dungeon (4/15)
 Temple: D:4-7

Altars:
Kikubaaqudgha
Trog
Xom

Shops:
D:1 :


Message History

Aim: an ogre, wielding a +0 giant spiked club (noxious fumes, lightly wounded, confused, 100% to hit)
The magic dart hits the ogre but does no damage.
The ogre is lightly wounded.
Unknown command.
Casting: Magic Dart (safe; 3% risk of failure)
Confirm with . or Enter, or press ? or * to list all spells.
Aiming: Magic Dart (safe; 3% risk of failure)
Press: ? - help, Shift-Dir - straight line, f/p - ogre
Aim: an ogre, wielding a +0 giant spiked club (noxious fumes, lightly wounded, confused, 100% to hit)
The magic dart hits the ogre.
The ogre is moderately wounded.
The ogre is engulfed in noxious fumes.
The ogre appears confused.
Casting: Magic Dart (safe; 3% risk of failure)
Confirm with . or Enter, or press ? or * to list all spells.
Aiming: Magic Dart (safe; 3% risk of failure)
Press: ? - help, Shift-Dir - straight line, f/p - ogre
Aim: an ogre, wielding a +0 giant spiked club (noxious fumes, moderately wounded, confused, 100% to hit)
The magic dart hits the ogre but does no damage.
The ogre is moderately wounded.
The ogre is engulfed in noxious fumes.
The ogre appears confused.
Casting: Magic Dart (safe; 3% risk of failure)
Confirm with . or Enter, or press ? or * to list all spells.
Aiming: Magic Dart (safe; 3% risk of failure)
Press: ? - help, Shift-Dir - straight line, f/p - ogre
Aim: an ogre, wielding a +0 giant spiked club (moderately wounded, confused, 100% to hit)
The magic dart hits the ogre!
The ogre is heavily wounded.
Unknown command.
You hit the ogre.
The ogre is severely wounded.
You hit the ogre.
The ogre is severely wounded.
The ogre hits you with a +0 giant spiked club!
You hit the ogre but do no damage.
The ogre is poisoned.
The ogre is severely wounded.
You hit the ogre.
The ogre looks as sick as possible!
The ogre is severely wounded.
The ogre hits you with a +0 giant spiked club!!
Ouch! That really hurt!
You die...

#.......... ....
#.......... ....
#..........
.....
#.......... .).
#.......... .☼.
#...#######
##○########...##
#.°)O.......†..#
#...@..........#
#..............#
######...##....#
###...##...##
#.....##...#
#.....#......
#.....#.......
#.....+....†...
#...####..####.


You could see an ogre (confused, extremely poisoned).

Vanquished Creatures
  2 scorpions (D:4)
  4 crimson imps (D:3)
  An iguana (D:4)
  An orc wizard (D:3)
  3 gnolls (D:2)
  2 adders
  A dart slug (D:3)
  4 orcs
  5 bats
  3 endoplasms
  4 giant cockroaches
  5 hobgoblins
  10 jackals (D:1)
  2 quokkas
  5 ball pythons
  4 frilled lizards
  4 goblins
  3 kobolds
  7 rats
70 creatures vanquished.

Notes
Turn   | Place    | Note
-------+----------+-------------------------------------------
     0 | D:1      | pokeman the Deep Elf Hedge Wizard began the quest for the
                  | Orb.
     0 | D:1      | Reached XP level 1. HP: 10/10 MP: 7/7
   373 | D:1      | Found Oha Xuma's Book Boutique.
   466 | D:1      | Reached XP level 2. HP: 16/16 MP: 4/9
   697 | D:1      | Reached skill level 5 in Spellcasting
  1010 | D:1      | Reached XP level 3. HP: 20/20 MP: 8/11
  1014 | D:1      | Learned a level 3 spell: Mephitic Cloud
  1017 | D:1      | Learned a level 2 spell: Call Imp
  1020 | D:1      | Learned a level 2 spell: Blink
  1248 | D:1      | Reached skill level 1 in Fighting
  1253 | D:1      | Reached skill level 1 in Armour
  1506 | D:2      | Reached XP level 4. HP: 25/25 MP: 5/13
  2234 | D:3      | Found a bloodstained altar of Trog.
  2558 | D:3      | Reached skill level 6 in Spellcasting
  2695 | D:3      | Reached XP level 5. HP: 29/29 MP: 10/15
  2740 | D:3      | Found an ancient bone altar of Kikubaaqudgha.
  2943 | D:3      | Found a shimmering altar of Xom.
  3137 | D:3      | Reached skill level 1 in Air Magic
  3137 | D:3      | Reached skill level 1 in Alchemy
  3137 | D:3      | Reached skill level 1 in Evocations
  3143 | D:3      | Learned a level 5 spell: Irradiate
  3240 | D:3      | Reached XP level 6. HP: 34/34 MP: 6/17
  3681 | D:4      | Reached skill level 7 in Spellcasting
  3873 | D:4      | Slain by an ogre

Illustrated notes

Levels and vault maps discovered:
D:1:      dpeg_arrival_short_road, layout_basic, serial_shops, shop,
          grunt_decor_resistance, hangedman_decor_clover_reticule
D:2:      layout_basic
D:3:      layout_loops_cross, lemuel_tele_altar,
          nicolae_kikubaaqudgha_miasma_corner, led_xom_imps,
          hangedman_decor_growths, corexii_item_surrounded_by_moat,
          dk_noncrumbling_3
D:4:      layout_gridville

Skill      XL: |  1  2  3  4  5  6 |
---------------+-------------------+-----
Spellcasting   | 5 6 7 |  7.3
Fighting       | 1 |  1.6
Armour         | 1 |  1.0
Conjurations   | 2 3 |  3.4
Stealth        | 3 |  3.0
Dodging        | 3 |  3.0
Air Magic      | 1 |  1.1
Alchemy        | 1 2 |  2.1
Evocations     | 1 |  1.1
Summonings     | |  1.1
Translocations | |  1.1

Action                     |  1- 3 |  4- 6 || total
---------------------------+-------+-------++-------
  Melee: Dagger            |    62 |    59 ||   121
   Cast: Magic Dart        |    65 |   131 ||   196
         Blink             |     1 |     1 ||     2
         Call Imp          |       |     3 ||     3
         Mephitic Cloud    |       |     5 ||     5
   Stab: Confused          |       |     2 ||     2
 Armour: Robe              |    68 |     7 ||    75
         Leather armour    |       |    31 ||    31
  Dodge: Dodged            |    67 |    41 ||   108

Table legend: (Time is in decaauts)
 A = Elapsed time spent in this place.
 B = Non-inter-level travel time spent in this place.
 C = Inter-level travel time spent in this place.
 D = Time resting spent in this place.
 E = Time spent auto-exploring this place.
 F = Levels seen in this place.
 G = Mean time per level.
                   A        B        C        D        E       F      G
               +--------+--------+--------+--------+--------+-----+--------+
         Total |   3873 |   3788 |     85 |    112 |   3033 |   4 |  968.2 |
       Dungeon |   3873 |   3788 |     85 |    112 |   3033 |   4 |  968.2 |
               +--------+--------+--------+--------+--------+-----+--------+

Top non-repeatable levels by time:
     D:3: 1463 daAuts
     D:1: 1253 daAuts
     D:2: 903 daAuts
     D:4: 252 daAuts
